 Dungeon Crawl Stone Soup version 0.30-a0-728-gc68057be0a (webtiles) character file.

Game seed: 4783892823967603423

77 dialectric the Ducker (level 4, 0/27 HPs)
             Began as a Gargoyle Gladiator on Jan 30, 2023.
             Slain by an iron imp (2 damage)
             ... summoned by Natasha
             ... on level 2 of the Dungeon.
             The game lasted 00:01:35 (1257 turns).

dialectric the Ducker (Gargoyle Gladiator)          Turns: 1257, Time: 00:01:36

Health: 0/27       AC:  9    Str: 20    XL:     4   Next: 33%
Magic:  4/4        EV: 12    Int:  8    God:
Gold:   62         SH:  0    Dex: 11    Spells: 3/3 levels left

rFire   . . .      SeeInvis .    n - +0 short sword (elec)
rCold   . . .      Faith    .    (no shield)
rNeg    + . .      Spirit   .    b - +0 leather armour
rPois   ∞          Reflect  .    c - +0 helmet
rElec   +          Harm     .    (no cloak)
rCorr   .          Rampage  .    m - +0 pair of gloves
Will    .....                    (no boots)
Stlth   +                        (no amulet)
HPRegen 0.24/turn                (no ring)
MPRegen 0.09/turn                (no ring)

@: slowed, very slow
A: sickness immunity, AC +3, negative energy resistance 1, electricity
resistance, torment resistance 1, petrification resistance
a: no special abilities


You were on level 2 of the Dungeon.
You visited 1 branch of the dungeon, and saw 2 of its levels.

You collected 62 gold pieces.

Inventory:

Hand Weapons
 a - a +0 long sword
 n - a +0 short sword of electrocution (weapon)
Missiles
 d - 3 throwing nets (quivered)
 e - a javelin
 x - 4 curare-tipped darts
Armour
 b - a +0 leather armour (worn)
 c - a +0 helmet (worn)
 m - a +0 pair of gloves (worn)
Scrolls
 f - a scroll of enchant armour {unknown}
 g - a scroll of teleportation {unknown}
 h - a scroll of fog {unknown}
 j - a scroll of fear {unknown}
 l - 2 scrolls of summoning {unknown}
 o - a scroll of vulnerability {unknown}
 p - a scroll of brand weapon {unknown}
 t - a scroll of poison {unknown}
 v - a scroll of identify {unknown}
Potions
 i - 3 potions of attraction {unknown}
 k - a potion of invisibility {unknown}
 q - a potion of berserk rage {unknown}
 r - 2 potions of degeneration {unknown}
 s - a potion of haste {unknown}
 u - a potion of brilliance {unknown}
 w - a potion of mutation {unknown}


   Skills:
 + Level 2.5 Fighting
 + Level 0.3(1.9) Short Blades
 + Level 3.0 Long Blades
 + Level 1.9 Throwing
 * Level 2.4 Armour
 - Level 3.0 Dodging


You had 3 spell levels left.
You didn't know any spells.
Your spell library contained the following spells:

 Spells                   Type           Power      Damage    Failure   Level
 Shock                    Conj/Air       0%         1d3       45%         1
 Tukima's Dance           Hex            0%         N/A       83%         3
 Passage of Golubria      Tloc           0%         N/A       99%         4
 Yara's Violent Unravell  Hex/Tmut       0%         3d3       100%        5


Dungeon Overview and Level Annotations

Branches:
Dungeon (2/15)

Altars:

Shops:
D:2 [

Annotations:
D:2 Natasha


Innate Abilities, Weirdness & Mutations

You are immune to sickness and miasma.
Your stone body is resilient. (AC +3)
You are immune to poison.
You resist negative energy. (rN+)
You are resistant to electric shocks. (rElec)
You are resistant to unholy torment.
You are immune to petrification.


Message History

There are monsters nearby!
Natasha casts a spell.
You hit the quokka.
The quokka is lightly wounded.
The quokka bites you but does no damage.
You hit Natasha but do no damage. Lightning courses through Natasha!
Natasha is severely wounded.
The iron imp lashes its tail.
Natasha claws you.
The quokka bites you but does no damage.
You miss Natasha.
Natasha is severely wounded.
Natasha barely misses you. The quokka misses you.
You barely miss Natasha.
Natasha is severely wounded.
The quokka closely misses you.
Natasha casts a spell.
You miss Natasha.
Natasha is severely wounded.
The quokka bites you. Natasha casts a spell at you.
You feel yourself slow down.
You hit Natasha. Your punch misses Natasha.
Natasha is almost dead.
The quokka barely misses you. Natasha claws you. The quokka bites you.
You barely miss Natasha.
Natasha is almost dead.
The quokka closely misses you.
Natasha stares at you and mumbles some strange words.
The magic dart hits you.
You closely miss Natasha.
Natasha is almost dead.
The quokka bites you but does no damage.
Natasha misses you. The iron imp hits you. The quokka barely misses you.
Natasha claws you but does no damage. The iron imp hits you!
* * * LOW HITPOINT WARNING * * *
You miss Natasha.
Natasha is almost dead.
The quokka misses you. The iron imp hits you.
You die...

#.....<# #......# #..
##.###.# #+# #..
##.###.# #.# #..
.....#.###.# #.#
.#.#....##.# #.#
.#......##.###.#####
.#.#.##..#.#....55.#
.#.#.###.#.#.#..@r.##
.................h......
.#.#.......#............
.#..####...##########...
.)............# #.#
^....########.########.#
#.#..##..............#.#
#.#..##.#####..#####.#.#
P#...## #.....<..#.#


You could see 2 iron imps, Natasha and a quokka.

Vanquished Creatures
  3 gnolls
  2 adders (D:2)
  A dart slug (D:2)
  2 endoplasms (D:1)
  A giant cockroach (D:1)
  3 goblins
  3 hobgoblins (D:1)
  3 quokkas
  5 bats
  3 frilled lizards (D:1)
  A kobold (D:1)
  2 rats
29 creatures vanquished.

Vanquished Creatures (others)
  16 plants (D:2)
16 creatures vanquished.

Grand Total: 45 creatures vanquished

Notes
Turn   | Place    | Note
-------+----------+-------------------------------------------
     0 | D:1      | dialectric the Gargoyle Gladiator began the quest for the
                  | Orb.
     0 | D:1      | Reached XP level 1. HP: 12/12 MP: 1/1
   159 | D:1      | Reached XP level 2. HP: 14/17 MP: 2/2
   672 | D:2      | Reached skill level 1 in Armour
   690 | D:2      | Found Zaots's Antique Armour Emporium.
   846 | D:1      | Reached XP level 3. HP: 11/22 MP: 3/3
  1058 | D:2      | Found a faded altar of an unknown god.
  1088 | D:2      | Got Plato's Thoughts on Weather
  1119 | D:2      | Reached XP level 4. HP: 24/27 MP: 4/4
  1246 | D:2      | Noticed Natasha
  1257 | D:2      | Slain by an iron imp

Illustrated notes

Levels and vault maps discovered:
D:1:      wander_arrival_estate, layout_loops_cross
D:2:      layout_basic, serial_shops, nicolae_shop_window_shopping,
          shapermc_ecumenical_altar_rom_forum, serial_bayou_lagoon_a,
          uniq_jessica, uniq_natasha

Skill      XL: |  1  2  3 |
---------------+----------+-----
Armour         | 1 2 |  2.4
Dodging        | 3 |  3.0
Long Blades    | 3 |  3.0
Fighting       | |  2.5
Short Blades   | |  0.3
Throwing       | |  1.9

Action                     |  1- 3 |  4- 6 || total
---------------------------+-------+-------++-------
  Melee: Long sword        |    41 |       ||    41
         Punch             |     2 |       ||     2
         Short sword       |    43 |    24 ||    67
   Stab: Sleeping          |     1 |       ||     1
 Armour: Leather armour    |    33 |     6 ||    39
  Dodge: Dodged            |    61 |    19 ||    80

Table legend: (Time is in decaauts)
 A = Elapsed time spent in this place.
 B = Non-inter-level travel time spent in this place.
 C = Inter-level travel time spent in this place.
 D = Time resting spent in this place.
 E = Time spent auto-exploring this place.
 F = Levels seen in this place.
 G = Mean time per level.
                   A        B        C        D        E       F      G
               +--------+--------+--------+--------+--------+-----+--------+
         Total |   1264 |   1242 |     22 |    168 |    783 |   2 |  632.0 |
       Dungeon |   1264 |   1242 |     22 |    168 |    783 |   2 |  632.0 |
               +--------+--------+--------+--------+--------+-----+--------+

Top non-repeatable levels by time:
     D:1: 809 daAuts
     D:2: 454 daAuts
